 Dungeon Crawl Stone Soup version 0.21.1-1-g345015f (webtiles) character file.

49028 Wander the Thaumaturge (level 14, -2/103 HPs)
             Began as a Human Wanderer on Apr 24, 2018.
             Was a High Priest of Yredelemnul.
             Slain by a manticore (14 damage)
             ... on level 13 of the Dungeon on May 1, 2018.
             The game lasted 02:18:24 (26236 turns).

Wander the Thaumaturge (Human Wanderer)            Turns: 26236, Time: 02:18:24

Health: -2/103     AC: 13    Str:  8    XL:     14   Next: 90%
Magic:  25/31      EV: 15    Int: 22    God:    Yredelemnul [*****.]
Gold:   1042       SH:  0    Dex: 13    Spells: 3/39 levels left

rFire    + . .     SeeInvis .   P - staff of wizardry
rCold    + . .     Gourm    .   (no shield)
rNeg     . . .     Faith    .   r - +1 robe {rC+ rF+}
rPois    +         Spirit   .   G - +2 helmet
rElec    .         Reflect  .   A - +1 cloak
rCorr    .         Harm     .   (no gloves)
MR       +....                  J - +0 pair of boots
Stlth    +++.......             y - amulet of regeneration
HPRegen  0.67/turn              I - ring of poison resistance
MPRegen  0.22/turn              T - +4 ring of protection

@: barbed spikes
A: no striking features
a: Recall Undead Slaves, Injury Mirror, Animate Dead, Drain Life, Enslave Soul,
Renounce Religion


You were on level 13 of the Dungeon.
You worshipped Yredelemnul.
Yredelemnul was extremely pleased with you.
You were hungry.

You visited 3 branches of the dungeon, and saw 21 of its levels.
You also visited: Ossuary.

You collected 1042 gold pieces.

Inventory:

Hand Weapons
 h - the +0 mace of Ciymmunt {speed, *Corrode +Blink rElec Stlth+}
   (You found it on level 6 of the Lair of Beasts)

   Attacks with this weapon are significantly faster.
   It insulates you from electricity.
   It lets you blink.
   It may corrode you when you take damage.
   It makes you more stealthy.
 v - a +4 whip
Armour
 g - +0 acid dragon scales
 r - a +1 robe of resistance (worn)
 A - a +1 cloak (worn)
 G - a +2 helmet (worn)
 J - a +0 pair of boots (worn)
 W - a +0 shield
Magical Staves
 P - an uncursed staff of wizardry (weapon)
Jewellery
 e - a +4 ring of strength
 y - an amulet of regeneration (around neck)
 I - a ring of poison resistance (left hand)
 Q - an uncursed ring of protection from magic
 T - a +4 ring of protection (right hand)
 Z - an uncursed ring of protection from fire
Wands
 m - a wand of enslavement (11)
 p - a wand of flame (22)
 N - a wand of acid (11)
 S - a wand of paralysis (24)
Scrolls
 i - 5 scrolls of magic mapping
 j - 9 scrolls of remove curse
 l - 5 scrolls of amnesia
 n - 13 scrolls of teleportation
 q - a scroll of enchant armour
 s - 7 scrolls of enchant weapon
 t - 9 scrolls of immolation
 H - a scroll of silence {unknown}
 M - 2 scrolls of blinking
 O - 3 scrolls of vulnerability
 R - 2 scrolls of torment
 U - a scroll of identify
Potions
 c - 15 potions of curing
 d - 2 potions of berserk rage
 k - 5 potions of heal wounds
 o - 2 potions of resistance
 u - 3 potions of ambrosia
 w - 7 potions of flight
 x - 3 potions of agility
 B - a potion of invisibility
 C - 3 potions of might
 K - a potion of cancellation
 L - 3 potions of brilliance
 Y - a potion of haste
Books
 a - a book of Flames

   Spells                             Type                      Level
   a - Flame Tongue                   Conjuration/Fire             1
   b - Throw Flame                    Conjuration/Fire             2
   c - Conjure Flame                  Conjuration/Fire             3
   d - Inner Flame                    Hexes/Fire                   3
   e - Sticky Flame                   Conjuration/Fire             4
   f - Fireball                       Conjuration/Fire             5
 b - the Compendium of Summoning

   Spells                             Type                      Level
   a - Summon Small Mammal            Summoning                    1
   b - Call Canine Familiar           Summoning                    3
 z - a book of Fire

   Spells                             Type                      Level
   a - Ignite Poison                  Fire/Transmutation/Poison    3
   b - Fireball                       Conjuration/Fire             5
   c - Bolt of Fire                   Conjuration/Fire             6
   d - Ring of Flames                 Charms/Fire                  7
   e - Ignition                       Fire                         8
 D - the Catalogue of Transmigration and Bewitchment
   (You found it on level 4 of the Dungeon)

   Spells                             Type                      Level
   a - Corona                         Hexes                        1
   b - Dazzling Spray                 Conjuration/Hexes            3
   c - Ignite Poison                  Fire/Transmutation/Poison    3
   d - Inner Flame                    Hexes/Fire                   3
   e - Cause Fear                     Hexes                        4
   f - Summon Mana Viper              Hexes/Summoning              5
 E - a book of Conjurations

   Spells                             Type                      Level
   a - Magic Dart                     Conjuration                  1
   b - Searing Ray                    Conjuration                  2
   c - Dazzling Spray                 Conjuration/Hexes            3
   d - Fulminant Prism                Conjuration/Hexes            4
   e - Force Lance                    Conjuration/Translocation    4
   f - Iskenderun's Mystic Blast      Conjuration                  4
 F - a book of Party Tricks

   Spells                             Type                      Level
   a - Summon Butterflies             Summoning                    1
   b - Apportation                    Translocation                1
   c - Lesser Beckoning               Translocation                3
   d - Tukima's Dance                 Hexes                        3
   e - Alistair's Intoxication        Transmutation/Poison         5
   f - Invisibility                   Hexes                        6
 X - a book of Necromancy

   Spells                             Type                      Level
   a - Pain                           Necromancy                   1
   b - Animate Skeleton               Necromancy                   1
   c - Vampiric Draining              Necromancy                   3
   d - Regeneration                   Charms/Necromancy            3
   e - Animate Dead                   Necromancy                   4
   f - Borgnjor's Vile Clutch         Necromancy/Earth             5
Comestibles
 f - 31 rations


   Skills:
 + Level 7.2 Fighting
 - Level 5.6 Dodging
 + Level 6.8 Stealth
 - Level 7.4 Shields
 + Level 13.2 Spellcasting
 - Level 9.0 Conjurations
 - Level 3.0 Summonings
   Level 1.0 Necromancy
 - Level 2.1 Translocations
 * Level 12.6 Fire Magic
 - Level 0.1 Invocations
 - Level 1.0 Evocations


You had 3 spell levels left.
You knew the following spells:

 Your Spells              Type           Power        Failure   Level  Hunger
a - Flame Tongue          Conj/Fire      #####        1%          1    None
b - Summon Small Mammal   Summ           ####         1%          1    None
c - Call Canine Familiar  Summ           ####....     1%          3    None
d - Sticky Flame          Conj/Fire      ######..     1%          4    None
e - Searing Ray           Conj           ######       1%          2    None
f - Fireball              Conj/Fire      ######....   1%          5    ###....
g - Dazzling Spray        Conj/Hex       ####..       1%          3    None
h - Force Lance           Conj/Tloc      #####...     1%          4    None
i - Inner Flame           Hex/Fire       #####...     1%          3    None
j - Summon Butterflies    Summ           ####....     1%          1    None
k - Lesser Beckoning      Tloc           ###.......   2%          3    None
l - Bolt of Fire          Conj/Fire      ######....   3%          6    #####..


Dungeon Overview and Level Annotations

Branches:
Dungeon (14/15)            Temple (1/1) D:5            Lair (6/6) D:11
  Swamp (0/4) Lair:2       Spider (0/4) Lair:4        Slime (0/5) Lair:6
    Orc (0/2) D:11         Vaults (0/5) D:14

Altars:
Ashenzari
Cheibriados
Dithmenos
Elyvilon
Fedhas
Gozag
Hepliaklqana
Kikubaaqudgha
Makhleb
Nemelex Xobeh
Okawaru
Qazlal
Ru
Sif Muna
Trog
Uskayaw
Vehumet
Wu Jian
Xom
Yredelemnul
Zin
The Shining One

Annotations:
D:3 Verendum's ghost, amateur MiGl
D:7 soepske's ghost, novice DrAE
D:9 exclusion: obsidian statue
Lair:4 exclusion: oklob plant


Message History

Confirm with . or Enter, or press ? or * to list all spells.
Aiming: Flame Tongue
Press: ? - help, Shift-Dir - straight line, f/p - manticore
Aim: a manticore (lightly wounded)
The flame tongue hits the manticore.
The manticore is moderately wounded.
The manticore barely misses you. The manticore claws you!
* * * LOW HITPOINT WARNING * * *
The manticore barely misses you.
Casting: Flame Tongue
Confirm with . or Enter, or press ? or * to list all spells.
Aiming: Sticky Flame
Press: ? - help, Shift-Dir - straight line, f/p - manticore
Aim: a manticore (moderately wounded)
The sticky flame hits the manticore.
The manticore is heavily wounded.
The manticore is covered in liquid flames!
The manticore burns!
The manticore bites you!
You die...
Your body rises from the dead as a mindless zombie.

....#
##...................####
....# ##............†....).V#
##### ##...........#.......V.#
#######....#......#####....###
.W........##########.....#.#
#######...###### #.###.#.## #
###.........#####.# #.#..# #
##...#######.H.....# #>##.# #
#..#.# ###@.#### #.##.#####
###.#..# ###...## #..#......
##..#.## ###Wz.#..# ##...(....
##.##.# ##W..####.# #W.......
......# #.V### #.# #V...(...
.....#######.## #.# #....(...
.....#.....[V# #.# #........
.....#.......# #.# #.....(..
.....#.......# #V# ##....[=.


You could see a manticore (burning).

Vanquished Creatures
  4 hydras
  Fannar (Lair:2)
  2 two-headed ogres
  A skeletal warrior (D:14)
  A manticore (D:11)
  A cyclops (D:12)
  8 elephants
  A black mamba (Lair:2)
  A gargoyle (D:10)
  12 spiny frogs
  A rime drake (Lair:6)
  An efreet (D:14)
  A kobold demonologist (D:12)
  3 komodo dragons
  A jumping spider (Lair:4)
  A troll (D:13)
  7 blink frogs (Lair:6)
  The ghost of TinyReaver the Digger, an amateur DrEE of Vehumet (D:4)
  6 hippogriffs
  2 redbacks (Lair:4)
  2 wraiths
  2 wyverns
  2 vampires
  A tarantella (shapeshifter) (D:13)
  17 yaks
  4 hogs
  6 humans
  2 vampire mosquitoes (Lair:6)
  Menkaure (D:7)
  A hungry ghost (D:12)
  Duvessa (D:4)
  4 water moccasins
  An acid dragon (D:11)
  8 porcupines
  2 ice beasts
  An eye of draining (D:13)
  A phantom (D:9)
  5 orc warriors
  4 centaurs
  6 wolves
  8 crocodiles
  2 big kobolds
  A wyvern zombie (Lair:6)
  9 bullfrogs
  Dowan (D:4)
  2 scorpions
  2 killer bees (D:12)
  7 wights
  4 electric eels
  3 howler monkeys
  3 crimson imps
  4 bullfrog zombies
  2 bullfrog skeletons (D:8)
  5 jellies
  9 hounds
  5 orc priests
  6 iguanas
  A centaur skeleton (D:7)
  13 mummies (Ossuary)
  9 orc wizards
  7 worker ants
  A killer bee zombie (Ossuary)
  3 hound zombies (Ossuary)
  2 hound skeletons
  4 howler monkey zombies
  A howler monkey skeleton (D:9)
  3 worker ant zombies
  7 gnolls
  13 adders
  3 shadow imps
  2 adder skeletons
  4 adder zombies
  2 worms
  4 dart slugs
  6 leopard geckos
  30 orcs
  3 giant cockroaches
  8 goblins
  8 hobgoblins
  15 jackals
  3 quokkas
  7 bats
  9 frilled lizards
  A giant cockroach zombie (D:5)
  16 kobolds
  2 leopard gecko skeletons (D:6)
  A leopard gecko zombie (Ossuary)
  2 quokka zombies (Ossuary)
  A rat (D:2)
  A plant (D:13)
392 creatures vanquished.

Vanquished Creatures (collateral kills)
  Kirke (Lair:3)
  Snorg (Lair:5)
  3 centaur warriors
  2 hydras
  4 two-headed ogres
  4 vault guards (D:14)
  A deep elf knight (D:12)
  An unseen horror (D:10)
  A wolf spider zombie (D:13)
  A cyclops (D:13)
  3 ugly things (D:14)
  4 elephants
  4 black mambas
  2 gargoyles (D:13)
  8 spiny frogs
  An efreet (D:13)
  3 kobold demonologists (D:12)
  3 komodo dragons
  2 tengu conjurers (D:13)
  2 polar bears (Lair:6)
  2 trolls
  2 tyrant leeches (Lair:6)
  A hornet (D:13)
  A harpy zombie (D:13)
  6 blink frogs (Lair:6)
  3 hippogriffs
  A shadow (D:11)
  15 yaks
  3 wyverns
  A basilisk (D:12)
  A wraith (D:13)
  A human (shapeshifter) (D:11)
  2 hogs (Lair:3)
  4 humans (D:10)
  4 vampire mosquitoes (Lair:6)
  2 hungry ghosts (D:12)
  3 acid dragons
  10 water moccasins
  A porcupine (Lair:4)
  2 orc warriors
  A hornet zombie (D:12)
  2 ice beasts
  A phantom (D:13)
  2 ogres (D:12)
  2 wolves
  8 centaurs
  11 crocodiles
  4 big kobolds
  10 bullfrogs
  2 scorpions
  6 killer bees
  An electric eel (Lair:6)
  6 howler monkeys
  7 crimson imps
  4 hounds
  2 centaur zombies
  3 jellies
  3 orc wizards (D:10)
  2 bullfrog skeletons
  Jessica (D:10)
  2 iguanas (D:12)
  A worker ant (D:12)
  An adder (D:12)
  2 shadow imps (D:13)
  3 oozes (Lair:6)
  A leopard gecko (D:6)
  6 orcs
  A goblin (D:3)
  A jackal (D:9)
  A frilled lizard (D:9)
  10 kobolds
  9 fungi
  15 plants
247 creatures vanquished.

Vanquished Creatures (others)
  A ghoul (D:14)
  A vampire knight (D:14)
  A skeletal warrior (D:14)
  3 phantasmal warriors (D:14)
  6 flying skulls
  4 vampires
  2 wraiths
  A black mamba zombie (Lair:6)
  2 humans (Lair:4)
  3 spiny frog zombies
  A blink frog zombie (Lair:6)
  A hog zombie (D:7)
  A vampire mosquito zombie (Lair:6)
  A bullfrog (Lair:4)
  A komodo dragon zombie (Lair:1)
  2 water moccasin zombies
  3 yak zombies
  5 wolf zombies
  A centaur zombie (D:9)
  5 bullfrog zombies
  A porcupine skeleton (Lair:1)
  A worker ant (D:13)
  2 killer bee zombies (D:12)
  An acid dragon zombie (D:11)
  A big kobold zombie (D:10)
  2 crocodile zombies
  A hound zombie (D:12)
  2 mummies
  2 electric eel zombies (Lair:6)
  An iguana zombie (D:9)
  2 orc skeletons
  An adder skeleton (D:10)
  A jackal zombie (D:9)
  A kobold zombie (D:10)
  A leopard gecko zombie (D:9)
  7 orc zombies
  12 fungi
  49 plants
133 creatures vanquished.

Grand Total: 772 creatures vanquished

Notes
Turn   | Place    | Note
-------+----------+-------------------------------------------
     0 | D:1      | Wander the Human Wanderer began the quest for the Orb.
     0 | D:1      | Wander set off with: a book of Flames, the Compendium of Summoning, a potion of curing, a +0 robe, a +0 dagger, a ration
     0 | D:1      | Reached XP level 1. HP: 13/13 MP: 4/4
     0 | D:1      | Identified the Compendium of Summoning
     2 | D:1      | Learned a level 1 spell: Flame Tongue
   376 | D:1      | Reached XP level 2. HP: 19/19 MP: 1/6
  1133 | D:1      | Reached XP level 3. HP: 24/24 MP: 4/7
  1384 | D:2      | Reached skill level 5 in Fire Magic
  1488 | D:2      | Reached XP level 4. HP: 30/30 MP: 5/8
  2194 | D:2      | Reached XP level 5. HP: 35/35 MP: 4/9
  2372 | D:2      | Learned a level 1 spell: Summon Small Mammal
  2630 | D:3      | Reached skill level 1 in Summonings
  2764 | D:3      | Found a bloodstained altar of Trog.
  2834 | D:3      | Noticed Verendum's ghost (amateur MiGl)
  2857 | D:3      | Learned a level 3 spell: Call Canine Familiar
  3688 | D:3      | Reached XP level 6. HP: 41/41 MP: 5/10
  4267 | D:4      | Noticed TinyReaver's ghost (amateur DrEE)
  4281 | D:4      | Found a sand-covered staircase.
  4286 | Ossuary  | Entered an ossuary
  4309 | Ossuary  | Reached skill level 1 in Conjurations
  4419 | Ossuary  | Reached XP level 7. HP: 30/46 MP: 2/11
  4960 | Ossuary  | Learned a level 4 spell: Sticky Flame
  5249 | D:4      | Identified the Catalogue of Transmigration and Bewitchment
  5301 | D:4      | Noticed Duvessa
  5301 | D:4      | Noticed Dowan
  5312 | D:4      | Killed Duvessa
  5312 | D:4      | Reached XP level 8. HP: 38/52 MP: 4/12
  5497 | D:4      | Killed Dowan
  5497 | D:4      | Reached skill level 5 in Conjurations
  5544 | D:5      | Entered Level 5 of the Dungeon
  5602 | D:5      | Found a staircase to the Ecumenical Temple.
  5606 | D:5      | Learned a level 2 spell: Searing Ray
  5623 | Temple   | Entered the Ecumenical Temple
  5748 | Temple   | Became a worshipper of Yredelemnul the Dark
  6298 | D:4      | Killed TinyReaver's ghost
  6850 | D:5      | Found a snail-covered altar of Cheibriados.
  6851 | D:5      | Found a shadowy altar of Dithmenos.
  7183 | D:5      | Reached skill level 5 in Stealth
  7183 | D:5      | Reached XP level 9. HP: 31/57 MP: 7/13
  7515 | D:5      | Reached * piety under Yredelemnul
  8358 | D:7      | Noticed soepske's ghost (novice DrAE)
  8843 | D:7      | Found an iron altar of Okawaru.
  9094 | D:7      | Reached ** piety under Yredelemnul
  9232 | D:7      | Noticed Menkaure
  9238 | D:7      | Killed Menkaure
  9253 | D:7      | Reached skill level 4 in Spellcasting
  9363 | D:7      | Reached XP level 10. HP: 60/64 MP: 10/17
  9371 | D:7      | Reached skill level 5 in Spellcasting
  9383 | D:7      | Reached skill level 1 in Fighting
  9671 | D:7      | Reached skill level 6 in Spellcasting
  9689 | D:7      | Learned a level 5 spell: Fireball
  9882 | D:7      | Noticed a two-headed ogre
  9901 | D:7      | Killed a two-headed ogre
  9901 | D:7      | Reached skill level 7 in Spellcasting
  9940 | D:7      | Learned a level 3 spell: Dazzling Spray
 10181 | D:8      | Found a glowing golden altar of the Shining One.
 10595 | D:8      | Learned a level 4 spell: Force Lance
 11711 | D:9      | Reached skill level 1 in Translocations
 11841 | D:9      | Reached *** piety under Yredelemnul
 12107 | D:9      | Noticed an obsidian statue
 12415 | D:10     | Entered Level 10 of the Dungeon
 12429 | D:10     | Reached XP level 11. HP: 63/73 MP: 13/22
 12522 | D:10     | Reached skill level 8 in Spellcasting
 12987 | D:10     | Found a runed door.
 12994 | D:10     | Found a runed door.
 13011 | D:10     | Noticed Jessica
 13241 | D:10     | Received a gift from Yredelemnul (4 flying skulls)
 13267 | D:10     | Reached skill level 9 in Spellcasting
 13285 | D:10     | Killed Jessica
 13320 | D:10     | Found a runed door.
 13395 | D:10     | Found a runed door.
 13398 | D:10     | Found a runed door.
 13402 | D:10     | Found a runed door.
 13520 | D:10     | Found a runed door.
 13611 | D:10     | Found a snail-covered altar of Cheibriados.
 13739 | D:10     | Reached **** piety under Yredelemnul
 13912 | D:10     | Received a gift from Yredelemnul (a mummy)
 13930 | D:10     | Killed an unseen horror
 14359 | D:11     | Noticed an eight-headed hydra
 14388 | D:11     | Killed an eight-headed hydra
 14388 | D:11     | Reached skill level 1 in Dodging
 14388 | D:11     | Reached skill level 1 in Shields
 14639 | D:11     | Noticed a two-headed ogre
 14639 | D:11     | Noticed a manticore
 14668 | D:11     | Killed a two-headed ogre
 14679 | D:11     | Killed a manticore
 14679 | D:11     | Reached XP level 12. HP: 55/83 MP: 0/25
 14679 | D:11     | Received a gift from Yredelemnul (a mummy)
 14836 | D:11     | Learned a level 3 spell: Inner Flame
 14867 | D:11     | Found a staircase to the Orcish Mines.
 15089 | D:11     | Found a staircase to the Lair.
 15099 | D:11     | Reached skill level 10 in Spellcasting
 15123 | Lair:1   | Entered Level 1 of the Lair of Beasts
 15148 | Lair:1   | Noticed a four-headed hydra
 15166 | Lair:1   | Killed a four-headed hydra
 15735 | Lair:1   | Found a frozen archway.
 16332 | Lair:2   | Reached skill level 5 in Fighting
 16489 | Lair:2   | Found a staircase to the Swamp.
 16708 | Lair:2   | Noticed a five-headed hydra
 16726 | Lair:2   | Killed a five-headed hydra
 16819 | Lair:2   | Noticed Fannar
 16826 | Lair:2   | Killed Fannar
 16834 | Lair:2   | Reached skill level 11 in Spellcasting
 17959 | Lair:3   | Received a gift from Yredelemnul (a wraith)
 18004 | Lair:3   | Reached XP level 13. HP: 87/93 MP: 16/28
 18041 | Lair:3   | Reached skill level 5 in Shields
 18720 | Lair:4   | Noticed Kirke
 18941 | Lair:3   | Received a gift from Yredelemnul (a vampire)
 18955 | Lair:3   | Killed Kirke
 18984 | Lair:4   | Learned a level 1 spell: Summon Butterflies
 20294 | Lair:4   | Noticed an eight-headed hydra
 20324 | Lair:4   | Killed an eight-headed hydra
 20324 | Lair:4   | Reached skill level 12 in Spellcasting
 20565 | Lair:4   | Received a gift from Yredelemnul (2 flying skulls)
 20571 | Lair:4   | Found a hole to the Spider Nest.
 20823 | Lair:5   | Reached skill level 5 in Dodging
 20848 | Lair:5   | Noticed a six-headed hydra
 20854 | Lair:5   | Killed a six-headed hydra
 21164 | Lair:5   | Noticed Snorg
 21174 | Lair:5   | Killed Snorg
 21226 | Lair:5   | Received a gift from Yredelemnul (a wraith)
 21369 | Lair:5   | Identified a scroll of acquirement
 21595 | Lair:6   | Entered Level 6 of the Lair of Beasts
 21641 | Lair:6   | Found a staircase to the Slime Pits.
 21654 | Lair:6   | Received a gift from Yredelemnul (a vampire)
 21694 | Lair:6   | Reached skill level 10 in Fire Magic
 21973 | Lair:6   | Received a gift from Yredelemnul (a vampire)
 22267 | Lair:6   | Reached XP level 14. HP: 45/103 MP: 23/30
 22368 | Lair:6   | Received a gift from Yredelemnul (a vampire)
 22492 | Lair:6   | Reached ***** piety under Yredelemnul
 22519 | Lair:6   | Received a gift from Yredelemnul (a vampire)
 22529 | Lair:6   | Got a shimmering mace
 22530 | Lair:6   | Identified the cursed +0 mace of Ciymmunt {speed, *Corrode +Blink rElec Stlth+} (You found it on level 6 of the Lair of Beasts)
 22947 | Lair:6   | Received a gift from Yredelemnul (a wraith)
 23723 | D:12     | Received a gift from Yredelemnul (a phantasmal warrior)
 23849 | D:12     | Received a gift from Yredelemnul (a vampire knight)
 24082 | D:12     | Learned a level 3 spell: Lesser Beckoning
 24089 | D:12     | Learned a level 6 spell: Bolt of Fire
 24121 | D:12     | Received a gift from Yredelemnul (a phantasmal warrior)
 24881 | D:13     | Received a gift from Yredelemnul (a skeletal warrior)
 24889 | D:13     | Reached skill level 13 in Spellcasting
 25145 | D:13     | Received a gift from Yredelemnul (a phantasmal warrior)
 25246 | D:13     | Found a basalt altar of Yredelemnul.
 25516 | D:14     | Received a gift from Yredelemnul (a ghoul)
 25556 | D:14     | Found a gate to the Vaults.
 26236 | D:13     | Slain by a manticore

Skill      XL: |  1  2  3  4  5  6  7  8  9 10 11 12 13 14 |
---------------+-------------------------------------------+-----
Fire Magic     | 5 6 7 9 10 12 | 12.6
Summonings     | 2 3 |  3.0
Stealth        | 2 3 5 6 |  6.8
Conjurations   | 2 4 6 7 9 |  9.0
Spellcasting   | 4 7 9 11 12 13 | 13.2
Fighting       | 2 4 6 7 |  7.2
Translocations | 1 2 |  2.1
Dodging        | 1 3 5 |  5.6
Shields        | 2 4 7 |  7.4
Necromancy     | |  1.0
Invocations    | |  0.1
Evocations     | |  1.0

Action                   |  1- 3 |  4- 6 |  7- 9 | 10-12 | 13-15 || total
-------------------------+-------+-------+-------+-------+-------++-------
Melee: Hand axe          |     1 |    56 |       |       |       ||    57
       Whip              |       |    17 |    44 |       |       ||    61
       Staff             |       |       |       |    40 |    57 ||    97
 Cast: Flame Tongue      |    38 |   119 |   304 |   379 |   248 ||  1088
       Summon Small Mamm |       |    11 |       |     4 |       ||    15
       Call Canine Famil |       |     4 |     4 |     1 |     3 ||    12
       Sticky Flame      |       |       |     5 |    56 |   113 ||   174
       Fireball          |       |       |       |    10 |    11 ||    21
       Searing Ray       |       |       |       |    18 |     4 ||    22
       Dazzling Spray    |       |       |       |     3 |       ||     3
       Inner Flame       |       |       |       |       |    11 ||    11
       Summon Butterflie |       |       |       |       |     4 ||     4
       Bolt of Fire      |       |       |       |       |     1 ||     1
       Lesser Beckoning  |       |       |       |       |     1 ||     1
Invok: Animate Remains   |       |       |     5 |     6 |       ||    11
       Animate Dead      |       |       |       |    24 |    26 ||    50
       Drain Life        |       |       |       |     1 |       ||     1
       Recall Undead Sla |       |       |       |       |     5 ||     5
  Use: Scroll            |       |       |    12 |     7 |    17 ||    36
       Potion            |       |       |       |     4 |     4 ||     8
 Stab: Sleeping          |       |     1 |     1 |       |     2 ||     4
       Distracted        |       |       |       |       |     1 ||     1
  Eat: Chunk             |     1 |     8 |    11 |    37 |    31 ||    88
       Ration            |       |     1 |     2 |     1 |     1 ||     5
Armor: Robe              |     1 |    19 |    40 |       |    51 ||   111
       Leather armour    |       |       |    24 |    87 |       ||   111
       Skin              |       |       |       |    31 |     1 ||    32
       Acid dragon scale |       |       |       |    45 |   132 ||   177
Dodge: Dodged            |    12 |    92 |   155 |   139 |   247 ||   645
Block: Shield            |       |       |       |    68 |   153 ||   221
